 Dungeon Crawl Stone Soup version 0.19.1-1-g22dce08 (webtiles) character file.

5677 theAP the Basher (level 10, -17/68 HPs)
             Began as a Gargoyle Fighter on Jan 5, 2017.
             Was a Believer of Qazlal.
             Killed from afar by an efreet (36 damage)
             ... with a bolt of fire
             ... on level 9 of the Dungeon.
             The game lasted 00:42:00 (8198 turns).

theAP the Basher (Gargoyle Fighter)                 Turns: 8198, Time: 00:42:01

Health: -17/68     AC: 21    Str: 23    XL:     10   Next: 75%
Magic:  10/10      EV:  4    Int: 11    God:    Qazlal [**....]
Gold:   571        SH: 16    Dex:  9    Spells: 0 memorised, 9 levels left

rFire  x . .     SeeInvis .     J - +0 whip (freeze)
rCold  + . .     Gourm    .     z - +0 plate armour (curse)
rNeg   + . .     Faith    .     c - +1 shield
rPois  ∞         Spirit   .     (no helmet)
rElec  +         Reflect  +     t - +0 cloak
rCorr  .         Harm     .     d - +0 pair of gloves (curse)
MR     .....                    g - +0 pair of boots
Stlth  ..........               k - +2 amulet of reflection
                                o - ring of stealth
                                e - ring of ice

@: no status effects
A: clever 1, negative energy resistance 1, electricity resistance, unbreathing,
petrification resistance, no device heal 1, rot immunity, AC +7
a: Upheaval, Renounce Religion


You were on level 9 of the Dungeon.
You worshipped Qazlal.
Qazlal was pleased with you.
You were not hungry.

You visited 2 branches of the dungeon, and saw 10 of its levels.
You also visited: Ossuary.

You collected 571 gold pieces.

Inventory:

Hand Weapons
 a - a +1 flail
 b - a +1 whip of venom
 J - a +0 whip of freezing (weapon)
Armour
 c - a +1 shield (worn)
 d - a cursed +0 pair of gloves (worn)
 g - a +0 pair of boots (worn)
 t - a +0 cloak (worn)
 z - a cursed +0 plate armour (worn)
Jewellery
 e - a ring of ice (left hand)
 k - a +2 amulet of reflection (around neck)
 o - a ring of stealth (right hand)
 v - an uncursed ring of stealth
Wands
 l - a wand of lightning (8/15)
 y - a wand of acid (15/15)
Scrolls
 i - a scroll of blinking
 r - a scroll of amnesia
 s - 4 scrolls of fear
 u - 2 scrolls of remove curse
 w - a scroll of teleportation
 F - 2 scrolls of immolation
Potions
 h - a potion of cure mutation {unknown}
 j - 2 potions of resistance
 m - a potion of magic
 p - 7 potions of flight
 q - 3 potions of lignification
 A - 2 potions of might
 D - 2 potions of agility
 E - a potion of brilliance
 G - a potion of invisibility
 H - a potion of haste {unknown}
 I - 2 potions of heal wounds {unknown}
Books
 x - a book of Misfortune

   Spells                             Type                      Level
   a - Confusing Touch                Hexes                        1
   b - Confuse                        Hexes                        3
   c - Gell's Gravitas                Hexes/Translocation          3
   d - Petrify                        Transmutation/Earth          4
   e - Metabolic Englaciation         Hexes/Ice                    5
   f - Yara's Violent Unravelling     Hexes/Transmutation          5
Comestibles
 f - 5 bread rations
 n - 8 meat rations


   Skills:
 + Level 10.5 Fighting
 * Level 12.5 Maces & Flails
 - Level 3.2 Armour
 - Level 0.1 Dodging
 - Level 3.4 Shields


You had 9 spell levels left.
You didn't know any spells.

Dungeon Overview and Level Annotations

Branches:
Dungeon (9/15)             Temple (1/1) D:6
   Lair: D:8-11         Orc: D:9-12

Altars:
Ashenzari
Cheibriados
Dithmenos
Elyvilon
Fedhas
Gozag
Hepliaklqana
Kikubaaqudgha
Makhleb
Nemelex Xobeh
Okawaru
Qazlal
Ru
Sif Muna
Trog
Uskayaw
Vehumet
Xom
Yredelemnul
Zin
The Shining One

Shops:
D:5 *


Innate Abilities, Weirdness & Mutations

You are resistant to torment.
Your stone body is resilient. (AC +7)
You are immune to poison.
You resist negative energy. (rN+)
You are resistant to electric shocks. (rElec)
You can survive without breathing.
You are immune to petrification.
You are immune to rotting.
Your mind is acute. (Int +2)
Potions and wands are less effective at restoring your health.


Message History

The efreet is heavily wounded.
The efreet gestures at you.
The fireball explodes!
The fireball engulfs you! The fire burns you terribly!
Ouch! That really hurt!
* * * LOW HITPOINT WARNING * * *
You hear a sizzling sound!
The fireball engulfs the efreet.
The efreet completely resists.
You hear a bellow! x3
A yak comes into view.
The yak bellows!
The efreet gestures at you.
The fireball explodes!
The fireball engulfs you! The fire burns you terribly!
* * * LOW HITPOINT WARNING * * *
Found 18 gold pieces.
Found a stone staircase leading down.
Your system partially rejects the healing.
You feel better. The efreet gestures at you. The bolt of fire hits you!
The fire burns you terribly!
Ouch! That really hurt!
You die...

....#####.. .........#
#... #.. >........# #..
#.. $........## ##...#
#..
..........###[...#####..
........................
........................
........................
.......@§$..............
...$Y..................#
...###..R§.§..........##
. ##..§...........##
#...........).##
#............##
#....#####...## ......#
#..## .Z.....# #.##


You could see a yak and an efreet.

Vanquished Creatures
  Joseph (D:8)
  The ghost of Paps the Skirmisher, a novice DsFi of Okawaru (D:4)
  2 hippogriffs
  Sigmund (D:3)
  Eustachio (D:5)
  Grum (D:8)
  2 hungry ghosts
  Menkaure (D:6)
  2 water moccasins
  3 orc warriors
  2 sky beasts
  2 ice beasts
  A phantom (D:5)
  A black bear (D:8)
  3 necrophages
  2 ogres
  3 wolves (D:8)
  4 centaurs
  A big kobold (D:8)
  4 bullfrogs
  3 scorpions
  4 killer bees (D:8)
  2 crimson imps
  A bullfrog zombie (D:5)
  A human zombie (Ossuary)
  A bullfrog skeleton (D:6)
  3 orc priests
  4 hounds
  A jelly (D:6)
  Crazy Yiuf (D:3)
  6 orc wizards
  An iguana (D:7)
  7 worker ants
  Ijyb (D:3)
  A big kobold zombie (Ossuary)
  A hound zombie (D:8)
  A hound skeleton (D:6)
  4 mummies (Ossuary)
  2 worker ant zombies
  Robin (D:3)
  7 adders
  7 gnolls
  2 howler monkey skeletons
  2 shadow imps
  2 oozes
  2 adder zombies
  5 worms
  3 leopard geckos
  22 orcs
  6 giant cockroaches
  2 gnoll zombies (Ossuary)
  14 goblins
  7 hobgoblins
  13 jackals
  6 quokkas
  2 ball pythons
  3 bats (D:3)
  4 frilled lizards
  2 goblin zombies (D:7)
  A hobgoblin zombie (Ossuary)
  16 kobolds
  2 kobold zombies (Ossuary)
  A leopard gecko skeleton (D:7)
  An orc zombie (Ossuary)
  A quokka zombie (D:6)
  12 rats
  2 fungi (D:3)
231 creatures vanquished.

Vanquished Creatures (others)
  A bullfrog zombie (D:9)
  An orc (D:5)
2 creatures vanquished.

Grand Total: 233 creatures vanquished

Notes
Turn   | Place    | Note
-------+----------+-------------------------------------------
     0 | D:1      | theAP the Gargoyle Fighter began the quest for the Orb.
     0 | D:1      | Reached XP level 1. HP: 14/14 MP: 1/1
     1 | D:1      | Noticed an electric eel
   232 | D:1      | Reached XP level 2. HP: 19/20 MP: 2/2
   858 | D:2      | Reached XP level 3. HP: 16/24 MP: 3/3
  1032 | D:2      | Reached skill level 3 in Maces & Flails
  1042 | D:2      | Found a hide-covered altar of Uskayaw.
  1048 | D:2      | Reached XP level 4. HP: 21/29 MP: 4/4
  1337 | D:2      | Found a shimmering altar of Xom.
  1624 | D:3      | Noticed Sigmund
  1642 | D:3      | Killed Sigmund
  1642 | D:3      | Reached skill level 5 in Fighting
  1642 | D:3      | Reached skill level 4 in Maces & Flails
  1642 | D:3      | Reached XP level 5. HP: 28/35 MP: 5/5
  1642 | D:3      | Reached XP level 6. HP: 32/40 MP: 6/6
  1739 | D:3      | Noticed Ijyb
  1754 | D:3      | Killed Ijyb
  1754 | D:3      | Reached skill level 5 in Maces & Flails
  1801 | D:3      | Noticed Robin
  1833 | D:3      | Killed Robin
  2222 | D:3      | Found a runed door.
  2226 | D:3      | Noticed Crazy Yiuf
  2233 | D:3      | Paralysed by Crazy Yiuf for 4 turns
  2239 | D:3      | Killed Crazy Yiuf
  2657 | D:4      | Noticed Paps's ghost (novice DsFi)
  3194 | D:4      | Reached XP level 7. HP: 41/45 MP: 7/7
  3273 | D:4      | Killed Paps's ghost
  3273 | D:4      | Reached skill level 6 in Maces & Flails
  3587 | D:5      | Entered Level 5 of the Dungeon
  3629 | D:5      | Reached skill level 7 in Maces & Flails
  3629 | D:5      | Reached XP level 8. HP: 36/52 MP: 8/8
  3846 | D:5      | Noticed Eustachio
  3892 | D:5      | Killed Eustachio
  3892 | D:5      | Reached skill level 8 in Maces & Flails
  3942 | D:5      | Found a hazy altar of Hepliaklqana.
  4176 | D:5      | Found Offixtent's Assorted Antiques.
  4412 | D:6      | Found a sparkling altar of Nemelex Xobeh.
  4412 | D:6      | Found a sacrificial altar of Ru.
  4412 | D:6      | Found a snail-covered altar of Cheibriados.
  4574 | D:6      | Noticed Menkaure
  4584 | D:6      | Killed Menkaure
  4584 | D:6      | Reached skill level 9 in Maces & Flails
  4584 | D:6      | Reached XP level 9. HP: 55/59 MP: 9/9
  4607 | D:6      | Gained mutation: Your mind is acute. (Int +2) [mutagenic meat]
  4608 | D:6      | Gained mutation: Your flesh is cold resistant. (rC+) [mutagenic meat]
  4609 | D:6      | Gained mutation: Potions and wands are less effective at restoring your health. [mutagenic meat]
  4610 | D:6      | Lost mutation: Your flesh is cold resistant. (rC+) [mutagenic meat]
  4668 | D:6      | Found a staircase to the Ecumenical Temple.
  4735 | Temple   | Entered the Ecumenical Temple
  4815 | Temple   | Became a worshipper of Qazlal Stormbringer
  4982 | D:6      | Found a shattered altar of Ashenzari.
  4991 | D:6      | Reached skill level 10 in Maces & Flails
  5502 | D:7      | Found a sand-covered staircase.
  5510 | Ossuary  | Entered an ossuary
  5790 | Ossuary  | Reached * piety under Qazlal
  6100 | D:7      | Found a bloodstained altar of Trog.
  6225 | D:7      | Reached skill level 11 in Maces & Flails
  6399 | D:7      | Reached XP level 10. HP: 51/66 MP: 10/10
  6672 | D:8      | Noticed Joseph
  6964 | D:8      | Killed Joseph
  7298 | D:8      | Found a white marble altar of Elyvilon.
  7339 | D:8      | Reached ** piety under Qazlal
  7489 | D:8      | Reached skill level 10 in Fighting
  7630 | D:8      | Noticed Grum
  7656 | D:8      | Reached skill level 12 in Maces & Flails
  7712 | D:8      | Killed Grum
  8198 | D:9      | Killed from afar by an efreet

Skill      XL: |  1  2  3  4  5  6  7  8  9 10 |
---------------+-------------------------------+-----
Fighting       | 4 5 6 8 9 10 | 10.5
Maces & Flails | 3 4 5 7 9 11 12 | 12.5
Armour         | |  3.2
Dodging        | |  0.1
Shields        | |  3.4

Action                   |  1- 3 |  4- 6 |  7- 9 | 10-12 || total
-------------------------+-------+-------+-------+-------++-------
Melee: Flail             |   144 |   261 |   223 |       ||   628
       Whip              |       |       |   396 |   311 ||   707
  Use: Scroll            |       |    10 |     8 |     4 ||    22
       Potion            |       |     6 |     1 |     2 ||     9
 Stab: Invisible         |       |       |     2 |       ||     2
  Eat: Chunk             |     1 |     7 |    13 |     5 ||    26
       Royal jelly       |       |       |     2 |       ||     2
       Fruit             |       |       |     2 |     1 ||     3
       Bread ration      |       |       |       |     1 ||     1
       Pizza             |       |       |       |     1 ||     1
Armor: Scale mail        |    88 |    16 |       |       ||   104
       Chain mail        |       |   206 |   104 |       ||   310
       Plate armour      |       |       |   189 |    92 ||   281
Dodge: Dodged            |    36 |    85 |    68 |    17 ||   206
Block: Shield            |    48 |   177 |   256 |   125 ||   606
